 Dungeon Crawl Stone Soup version 0.27.1-34-g3ba077fa99 (webtiles) character file.

Game seed: 17684974176107160548

101 cbfl8 the Grave Robber (level 4, 0/34 HPs)
             Began as a Minotaur Necromancer on Jan 13, 2022.
             Slain by an adder (2 damage)
             ... on level 3 of the Dungeon.
             The game lasted 00:08:09 (3022 turns).

cbfl8 the Grave Robber (Minotaur Necromancer)       Turns: 3022, Time: 00:08:09

Health: 0/34       AC:  4    Str: 13    XL:     4   Next: 48%
Magic:  5/5        EV:  7    Int: 12    God:
Gold:   112        SH: 10    Dex: 11    Spells: 0/6 levels left

rFire    . . .     SeeInvis .   h - +3 dagger (venom)
rCold    . . .     Faith    .   j - +0 tower shield
rNeg     . . .     Spirit   .   k - +0 leather armour
rPois    .         Reflect  .   (helmet restricted)
rElec    .         Harm     .   o - scarf {shadows}
rCorr    .         Rampage  .   (no gloves)
Will     .....                  m - +0 pair of boots
Stlth    ++........             (no amulet)
HPRegen  0.11/turn              (no ring)
MPRegen  0.09/turn              (no ring)

@: no status effects
A: horns 2, retaliatory headbutt
a: no special abilities


You were on level 3 of the Dungeon.
You visited 1 branch of the dungeon, and saw 3 of its levels.

You collected 112 gold pieces.

Inventory:

Hand Weapons
 d - a +0 mace
 f - a +0 short sword
 h - a +3 dagger of venom (weapon)
Missiles
 c - 6 javelins
Armour
 a - a +0 robe
 j - a +0 tower shield (worn)
 k - a +0 leather armour (worn)
 m - a +0 pair of boots (worn)
 o - a scarf of shadows (worn)
 p - a +0 chain mail
Scrolls
 b - 2 scrolls of enchant weapon {unknown}
 i - a scroll of teleportation {unknown}
 l - 3 scrolls of identify {unknown}
 n - a scroll of torment {unknown}
 q - a scroll of vulnerability {unknown}
Potions
 e - 2 potions of heal wounds {unknown}
 g - a potion of might {unknown}
 r - a potion of degeneration {unknown}


   Skills:
 + Level 0.6 Fighting
 + Level 0.9 Short Blades
 + Level 0.4 Maces & Flails
 + Level 1.9 Armour
 + Level 3.2 Dodging
 + Level 2.1 Stealth
 + Level 0.1 Shields
 + Level 0.3 Unarmed Combat
 + Level 1.6 Spellcasting
 + Level 3.3 Necromancy


You couldn't memorise any spells.
You knew the following spells:

 Your Spells              Type           Power      Damage    Failure   Level
a - Pain                  Necr           32%        1d5       93%         1
b - Animate Skeleton      Necr           16%        N/A       93%         1
c - Animate Dead          Necr           4%         N/A       100%        4

Your spell library contained the following spells:

 Spells                   Type           Power      Damage    Failure   Level
 Vampiric Draining        Necr           4%         2d6       100%        3
 Agony                    Necr           8%         N/A       100%        5
 Conjure Ball Lightning   Conj/Air       0%         3x3d6     100%        6
 Discord                  Hex            0%         N/A       100%        8
 Disjunction              Tloc           0%         N/A       100%        8


Dungeon Overview and Level Annotations

Branches:
Dungeon (3/15)

Altars:
Elyvilon


Innate Abilities, Weirdness & Mutations

You have a pair of horns on your head.
You reflexively headbutt those who attack you in melee.


Message History

Found a sedimented green potion.
r - a sedimented green potion An ice beast comes into view.
A goblin comes into view. It is wielding a +0 dagger.
An adder comes into view.
The adder hisses angrily.
The ice beast hits you but does no damage.
The ice beast hits you but does no damage.
You hit the ice beast.
The ice beast is poisoned.
The ice beast is lightly wounded.
You block the ice beast's attack. The goblin barely misses you.
You furiously retaliate!
You headbutt the goblin!
You kill the goblin!
The adder bites you.
You are poisoned.
The adder poisons you! The ice beast hits you. The ice beast freezes you.
You hit the ice beast but do no damage.
The ice beast is moderately wounded.
You feel sick. You block the adder's attack. The ice beast hits you.
The ice beast freezes you!
* * * LOW HITPOINT WARNING * * *
You block the adder's attack.
You closely miss the ice beast. Your headbutt misses the ice beast.
The ice beast is moderately wounded.
You feel sick. The adder bites you.
* * * LOW HITPOINT WARNING * * *
You block the ice beast's attack.
You closely miss the ice beast. Your headbutt misses the ice beast.
The ice beast is heavily wounded.
You feel sick.
You are no longer poisoned.
The adder bites you but does no damage. The ice beast barely misses you.
The adder bites you but does no damage.
The ice beast hits you but does no damage.
You puncture the adder!
The adder is poisoned.
The adder is severely wounded.
The adder bites you.
* * * LOW HITPOINT WARNING * * *
You block the ice beast's attack. The adder bites you.
You die...

...............
⌠.....⌠........
.......................
.....⌠.....⌠.....⌠.....
.......................
........⌠.....⌠........
...........)...........
.....)S....⌠..|..⌠.....
.....Y@................
........⌠.....⌠........
.......................
...........⌠...........
####...................
##..................
##.....##.##.......
#####.#8.8#.######
#.......#


You could see an ice beast (very poisoned) and an adder (very poisoned).

Vanquished Creatures
  Natasha (twice) (D:2)
  An adder (D:2)
  A dart slug (D:2)
  6 ball pythons
  2 endoplasms
  4 giant cockroaches
  3 goblins
  5 hobgoblins
  A quokka (D:1)
  4 bats
  A frilled lizard (D:2)
  3 kobolds (D:1)
  8 rats
41 creatures vanquished.

Notes
Turn   | Place    | Note
-------+----------+-------------------------------------------
     0 | D:1      | cbfl8 the Minotaur Necromancer began the quest for the Orb.
     0 | D:1      | Reached XP level 1. HP: 14/14 MP: 1/1
    13 | D:1      | Learned a level 1 spell: Animate Skeleton
   718 | D:1      | Reached XP level 2. HP: 8/20 MP: 3/3
  1468 | D:1      | Found a faded altar of an unknown god.
  1474 | D:1      | Became a worshipper of Elyvilon the Healer
  1474 | D:1      | Reached * piety under Elyvilon
  1896 | D:2      | Reached XP level 3. HP: 24/26 MP: 4/4
  2115 | D:2      | Reached ** piety under Elyvilon
  2175 | D:2      | Noticed Natasha
  2182 | D:2      | Killed Natasha
  2183 | D:2      | Reached skill level 1 in Armour
  2183 | D:2      | Reached XP level 4. HP: 22/33 MP: 5/5
  2383 | D:2      | Learned a level 4 spell: Animate Dead
  2399 | D:2      | Fell from the grace of Elyvilon
  2633 | D:2      | Noticed Natasha
  2641 | D:2      | Killed Natasha
  3012 | D:3      | Noticed an ice beast
  3022 | D:3      | Slain by an adder

Illustrated notes

Levels and vault maps discovered:
D:1:      dpeg_arrival_orchard, layout_basic, basic_ecumenical_altar,
          roderic_lattice_a
D:2:      layout_basic, uniq_natasha
D:3:      layout_basic, lemuel_tele_altar, hangedman_decor_clover_reticule,
          minivault_4, kennysheep_doodads, nrook_loot_triangle,
          small_statue_intersection, chequers_arboretum, kennysheep_potato

Skill      XL: |  1  2  3 |
---------------+----------+-----
Necromancy     | 3 |  3.3
Stealth        | 2 |  2.1
Armour         | 1 |  1.9
Dodging        | 3 |  3.2
Fighting       | |  0.6
Short Blades   | |  0.9
Maces & Flails | |  0.4
Shields        | |  0.1
Unarmed Combat | |  0.3
Spellcasting   | |  1.6

Action                   |  1- 3 |  4- 6 || total
-------------------------+-------+-------++-------
Melee: Unarmed           |    26 |       ||    26
       Headbutt          |    10 |     2 ||    12
       Dagger            |    23 |    21 ||    44
       Mace              |    10 |       ||    10
Invok: Renounce Religion |       |     1 ||     1
 Stab: Sleeping          |     1 |       ||     1
Armor: Robe              |    10 |       ||    10
       Leather armour    |     2 |     7 ||     9
Dodge: Dodged            |    49 |     7 ||    56
Block: Tower shield      |     5 |    15 ||    20
